 Dungeon Crawl Stone Soup version 0.23-a0-644-gb60d84b635 (webtiles) character file.

52 HereIgoKillingAgain the Magician (level 3, 0/19 HPs)
             Began as a Deep Elf Fire Elementalist on Jan 1, 2019.
             Slain by an orc
             ... wielding a +0 trident
              (2 damage)
             ... on level 5 of the Dungeon.
             The game lasted 00:01:36 (2149 turns).

HereIgoKillingAgain the Magician (DEFE)             Turns: 2149, Time: 00:01:37

Health: 0/19       AC:  2    Str:  5    XL:     3   Next: 60%
Magic:  10/10      EV: 13    Int: 25    God:
Gold:   124        SH:  0    Dex: 15    Spells: 5/9 levels left

rFire    + . .     SeeInvis .   (no weapon)
rCold    . . .     Gourm    .   (no shield)
rNeg     . . .     Faith    .   a - +0 robe
rPois    .         Spirit   .   (no helmet)
rElec    .         Reflect  .   (no cloak)
rCorr    .         Harm     .   (no gloves)
MR       .....                  (no boots)
Stlth    ++........             (no amulet)
HPRegen  0.06/turn              n - ring of protection from fire
MPRegen  0.12/turn              (no ring)

@: brilliant
A: no striking features
a: no special abilities


You were on level 5 of the Dungeon.
You were not hungry.

You visited 1 branch of the dungeon, and saw 4 of its levels.

You collected 124 gold pieces.

Inventory:

Armour
 a - a +0 robe (worn)
Jewellery
 n - a ring of protection from fire (left hand)
 o - a +3 ring of protection {unknown}
Scrolls
 d - a scroll of teleportation {unknown}
 f - 2 scrolls of random uselessness {unknown}
 g - a scroll of remove curse {unknown}
 h - a scroll of enchant weapon {unknown}
 i - 2 scrolls of identify {unknown}
 l - a scroll of enchant armour {unknown}
Potions
 b - a potion of brilliance
 e - 2 potions of cancellation {unknown}
 j - a potion of resistance {unknown}
 k - 2 potions of lignification {unknown}
Comestibles
 c - 10 rations
 m - a chunk of flesh


   Skills:
 + Level 3.2 Dodging
 - Level 2.4 Stealth
 + Level 3.8 Spellcasting
 + Level 2.1 Conjurations
 + Level 3.7 Fire Magic


You had 5 spell levels left.
You knew the following spells:

 Your Spells              Type           Power        Failure   Level  Hunger
a - Flame Tongue          Conj/Fire      ####.        1%          1    None
b - Conjure Flame         Conj/Fire      ####....     1%          3    ##.....

Your spell library contained the following spells:

 Spells                   Type           Power        Failure   Level  Hunger
 Animate Skeleton         Necr           N/A          1%          1    None
 Pain                     Necr           ###.         1%          1    None
 Throw Flame              Conj/Fire      ####..       1%          2    #......
 Inner Flame              Hex/Fire       ####....     1%          3    ##.....
 Regeneration             Chrm/Necr      ###.......   3%          3    ##.....
 Vampiric Draining        Necr           ###.......   3%          3    ##.....
 Sticky Flame             Conj/Fire      ####....     3%          4    ####...
 Fireball                 Conj/Fire      ####......   9%          5    ######.
 Animate Dead             Necr           N/A          11%         4    ####...


Dungeon Overview and Level Annotations

Branches:
Dungeon (3/15)

Altars:

Annotations:
D:3 3 runed doors, HereIgoKillingAgain's ghost, amateur NaTm


Message History

You closely miss the crimson imp. The crimson imp hits you.
The orc wizard casts a spell at you. The puff of frost hits you!
Ouch! That really hurt!
* * * LOW HITPOINT WARNING * * *
The crimson imp hits you.
* * * LOW HITPOINT WARNING * * *
The orc wizard gestures wildly while chanting.
The orc wizard seems to speed up.
A quokka comes into view.
An adder comes into view.
The crimson imp hits you.
* * * LOW HITPOINT WARNING * * *
The crimson imp blinks!
The crimson imp blinks!
The crimson imp blinks!
The orc wizard begins to cast a cantrip, but forgets the words!
It was a potion of brilliance.
You feel clever all of a sudden.
The orc hits you from afar with a +0 trident.
You die...

Z...Z.ยง.........## ..
.................## #..
............%#....###..#
.......<.....##........#
.............##........##
.............###.........
........o.g..##.....$..#
.....#..r.g.##.........#
......#.g...#@.........#
......###..#g#.........#
.S... ###o###........#
... #.## ##.......# ..#
#.......# ..# #....>..#
#..# #........## #..
#..........### ..
#............##


You could see a gnoll and an orc.

Vanquished Creatures
  An adder (D:2)
  An ooze (D:2)
  2 worms (D:2)
  A dart slug (D:2)
  2 leopard geckos (D:1)
  3 goblins
  5 hobgoblins
  5 kobolds
  4 bats
  3 frilled lizards
  3 rats
30 creatures vanquished.

Notes
Turn   | Place    | Note
-------+----------+-------------------------------------------
     0 | D:1      | HereIgoKillingAgain the Deep Elf Fire Elementalist began
                  | the quest for the Orb.
     0 | D:1      | Reached XP level 1. HP: 10/10 MP: 6/6
   538 | D:1      | Reached XP level 2. HP: 15/15 MP: 4/8
   931 | D:2      | Reached XP level 3. HP: 17/19 MP: 6/10
   938 | D:2      | Learned a level 3 spell: Conjure Flame
  2004 | D:3      | Found a runed gate.
  2004 | D:3      | Found a runed gate.
  2004 | D:3      | Found a runed gate.
  2004 | D:3      | Noticed HereIgoKillingAgain's ghost (amateur NaTm)
  2082 | D:3      | You fall through a shaft for 2 floors!
  2082 | D:5      | Entered Level 5 of the Dungeon
  2149 | D:5      | Slain by an orc

Vault maps used:
D:1:      dpeg_arrival_lava_temple_mockup, ebering_dispersal_statue_hall
D:2:      minmay_evil_eye, first_ration, minmay_crystal_room,
          kennysheep_small_spiral
D:3:      ebering_ghost_rock_garden

Skill      XL: |  1  2  3 |
---------------+----------+-----
Dodging        | 3 |  3.2
Conjurations   | 2 |  2.1
Stealth        | |  2.4
Spellcasting   | |  3.8
Fire Magic     | |  3.7

Action                   || total
-------------------------++-------
Melee: Unarmed           ||    12
 Cast: Flame Tongue      ||    66
  Use: Potion            ||     1
 Stab: Sleeping          ||     2
  Eat: Chunk             ||     3
       Ration            ||     1
Armor: Robe              ||    13
Dodge: Dodged            ||    35

Table legend:
 A = Non-vault XP
 B = Vault XP
 C = Vault XP percentage of total XP
 D = Non-vault monster count
 E = Vault monster count
 F = Vault count percentage of total count
                 A         B        C        D         E       F
            +---------+---------+-------+---------+---------+-------
      Total |      57 |      18 |  24.0 |      26 |       4 |  13.3
            +---------+---------+-------+---------+---------+-------
        D:1 |      25 |       0 |   0.0 |      13 |       0 |   0.0
        D:2 |      25 |      18 |  41.9 |       8 |       4 |  33.3
        D:3 |       7 |       0 |   0.0 |       5 |       0 |   0.0
            +---------+---------+-------+---------+---------+-------
